Match 41290669
Unlisted

Match 41290669
End
Royal Engineer Section
Construct Section Command Post
Selects Canadian Shock Battlegroup
Selects Canadian Shock Battlegroup
Infantry Section
Infantry Section
Grenade Package
Infantry Section
Selects Offensive Resupply
Selects Canadian Shock Section
Construct Platoon Command Post
Selects Incendiary Munitions
6-pounder Anti-tank Gun Team
Construct Field Infirmary
Infantry Training
Selects Pyrotechnics
Construct Company Command Post
Canadian Shock Section
Crusader II Medium Tank
Selects Churchill Crocodile Heavy Tank
Foot Guards Section
Churchill Crocodile Heavy Tank
Selects Smoke Operation
Smoke Operation
Matilda II Heavy Tank
Canadian Shock Section
Matilda II Heavy Tank
Armored Vehicle Training
Armored Vehicle Training
Smoke Operation
Royal Engineer Section
Smoke Operation
Smoke Operation
Matilda II Heavy Tank
STALKER4732
SoyaLors
Devochkin
MajorZ14
Foo
Gicerois
0
0

Comments sign in to comment!

No comments posted yet!